 Dungeon Crawl Stone Soup version 0.19-a0-1686-g35356ef (webtiles) character file.

641 Hennin the Skirmisher (level 7, -2/61 HPs)
             Began as a Minotaur Fighter on Sept 25, 2016.
             Was a Follower of Okawaru.
             Slain by Menkaure (5 damage)
             ... on level 5 of the Dungeon.
             The game lasted 00:10:08 (4189 turns).

Hennin the Skirmisher (Minotaur Fighter)            Turns: 4189, Time: 00:10:09

Health: -2/61      AC: 10    Str: 22    XL:     7   Next: 26%
Magic:  8/8        EV:  9    Int:  5    God:    Okawaru [*.....]
Gold:   172        SH: 10    Dex: 13    Spells: 0 memorised, 9 levels left

rFire  . . .     SeeInvis .     a - +0 war axe
rCold  . . .     Gourm    .     t - +1 scale mail of Leaves {rCorr Dex+3} (curse)
rNeg   . . .     Faith    .     c - +0 shield
rPois  .         Spirit   .     (helmet restricted)
rElec  .         Dismiss  .     l - +0 cloak
rCorr  +         Reflect  .     (no gloves)
MR     .....     Harm     .     (no boots)
Stlth  ..........               (no amulet)
                                (no ring)
                                (no ring)

@: very slightly contaminated, invisible
A: retaliatory headbutt, horns 2
a: Heroism, Renounce Religion


You were on level 5 of the Dungeon.
You worshipped Okawaru.
Okawaru was aware of your devotion.
You were not hungry.

You visited 2 branches of the dungeon, and saw 6 of its levels.

You collected 172 gold pieces.

Inventory:

Hand Weapons
 a - a +0 war axe (weapon)
 m - a +0 mace
 x - a +4 flail
Armour
 b - a +0 scale mail
 c - a +0 shield (worn)
 l - a +0 cloak (worn)
 t - the cursed +1 scale mail of Leaves (worn) {rCorr Dex+3}
   (You found it on level 4 of the Dungeon)

   It affects your dexterity (+3).
   It protects you from acid and corrosion.
   It has a curse placed upon it.
Wands
 p - a wand of slowing (12/48)
Scrolls
 g - a scroll of identify
 k - a scroll of amnesia
 u - a scroll of fog
Potions
 d - 4 potions of might
 e - a potion of haste
 n - a potion of agility
 o - a potion of curing
 q - a potion of resistance
 r - a potion of lignification
 s - a potion of cure mutation
Comestibles
 f - 4 bread rations
 i - 7 fruits
 j - a meat ration
 v - a beef jerky
 w - 4 chunks of flesh
 z - a slice of pizza


   Skills:
 + Level 5.1 Fighting
 * Level 5.0 Axes
 + Level 5.0 Armour
 + Level 3.4 Dodging
 + Level 5.0 Shields
 + Level 1.9 Spellcasting


You had 9 spell levels left.
You didn't know any spells.

Dungeon Overview and Level Annotations

Branches:
Dungeon (5/15)             Temple (1/1) D:5

Altars:
Ashenzari
Cheibriados
Dithmenos
Elyvilon
Gozag
Hepliaklqana
Kikubaaqudgha
Makhleb
Nemelex Xobeh
Okawaru
Qazlal
Ru
Trog
Uskayaw
Vehumet
Xom
Yredelemnul

Annotations:
D:5 Menkaure


Innate Abilities, Weirdness & Mutations

You reflexively headbutt those who attack you in melee.
You have a pair of horns on your head.


Message History

You hit Menkaure.
Menkaure is heavily damaged.
Menkaure hits you!!
* * * LOW HITPOINT WARNING * * *
You fade into invisibility!
Menkaure misses you.
You are very lightly contaminated with residual magic.
You feel better.
Menkaure calls on the powers of darkness!
Your body is wracked with pain!
* * * LOW HITPOINT WARNING * * *
You barely miss Menkaure.
Menkaure is heavily damaged.
Menkaure hits you!
* * * LOW HITPOINT WARNING * * *
Unknown command.
You barely miss Menkaure.
Menkaure is heavily damaged.
Menkaure hits you.
You die...

.............#
...$.........#
.............# ######
.............# #....#
..............#####....#
.......................#
...............####....#
....(>........M>.......#
.............#@.......#
..#..........#........# #
# ###.......##........#
### ##..M..###........#
..#######.............###
...................!....
#...####.......<##.######
.#...<.#.#.........#
.........#.....###


You could see Menkaure.

Vanquished Creatures
  A necrophage (D:5)
  An ogre (D:4)
  A scorpion (D:4)
  A bullfrog zombie (D:5)
  A centaur zombie (D:5)
  A jelly (D:5)
  Crazy Yiuf (D:2)
  A hound (D:4)
  Jessica (D:2)
  An orc wizard (D:5)
  A worker ant (D:4)
  2 hound skeletons
  4 gnolls (D:2)
  A howler monkey skeleton (D:4)
  2 adders
  An ooze (D:1)
  2 adder skeletons
  4 worms
  2 dart slugs
  11 orcs
  7 giant cockroaches
  5 goblins
  8 hobgoblins
  7 kobolds
  4 quokkas
  A ball python (D:2)
  9 bats
  2 frilled lizards
  2 jackal skeletons (D:4)
  6 rats
91 creatures vanquished.

Notes
Turn   | Place    | Note
-------+----------+-------------------------------------------
     0 | D:1      | Hennin the Minotaur Fighter began the quest for the Orb.
     0 | D:1      | Reached XP level 1. HP: 19/19 MP: 0/0
    95 | D:1      | Found a shattered altar of Ashenzari.
   167 | D:1      | Reached XP level 2. HP: 27/27 MP: 1/1
   188 | D:1      | Reached skill level 1 in Dodging
   835 | D:2      | Reached XP level 3. HP: 13/33 MP: 2/2
   841 | D:2      | Reached XP level 4. HP: 7/40 MP: 3/3
  1414 | D:2      | Found a radiant altar of Vehumet.
  1414 | D:2      | Found a hazy altar of Hepliaklqana.
  1420 | D:2      | Noticed Jessica
  1428 | D:2      | Killed Jessica
  1736 | D:2      | Found a runed door.
  1740 | D:2      | Noticed Crazy Yiuf
  1750 | D:2      | Killed Crazy Yiuf
  1750 | D:2      | Reached skill level 1 in Spellcasting
  1750 | D:2      | Reached XP level 5. HP: 8/46 MP: 5/5
  2415 | D:3      | Found a white marble altar of Elyvilon.
  2415 | D:3      | Found a sparkling altar of Nemelex Xobeh.
  2667 | D:4      | Found an iron altar of Okawaru.
  2667 | D:4      | Found a shadowy altar of Dithmenos.
  2667 | D:4      | Found a bloodstained altar of Trog.
  2674 | D:4      | Became a worshipper of Warmaster Okawaru
  2678 | D:4      | Noticed an ogre
  2684 | D:4      | Killed an ogre
  2684 | D:4      | Reached XP level 6. HP: 47/53 MP: 5/7
  3038 | D:4      | Got a polished scale mail
  3053 | D:4      | Identified the cursed +1 scale mail of Leaves {rCorr Dex+3} (You found it on level 4 of the Dungeon)
  3797 | D:5      | Entered Level 5 of the Dungeon
  3806 | D:5      | Reached * piety under Okawaru
  3806 | D:5      | Reached skill level 5 in Shields
  3811 | D:5      | Found a staircase to the Ecumenical Temple.
  3820 | Temple   | Entered the Ecumenical Temple
  3934 | D:5      | Reached XP level 7. HP: 60/60 MP: 8/8
  3971 | D:5      | Reached skill level 5 in Fighting
  4102 | D:5      | Reached skill level 5 in Axes
  4110 | D:5      | Reached skill level 5 in Armour
  4115 | D:5      | Noticed Menkaure
  4188 | D:5      | HP: 3/61 [Menkaure (7)]
  4189 | D:5      | Slain by Menkaure

Vault maps used:
D:1:      dpeg_arrival_subterranean_lakeside_camping, serial_bayou,
          serial_bayou_shore_b, serial_bayou_pond_b, serial_bayou_pond_e,
          serial_bayou_pond_a, nicolae_ashenzari_panopticon
D:2:      gammafunk_temple_overflow_elements, minmay_item_behind_shaft,
          uniq_jessica, uniq_crazy_yiuf_cottage
D:3:      gammafunk_temple_overflow_wave, serial_bayou_pond_a
D:4:      wad_river_or_something, grunt_temple_overflow_open, minivault_5
D:5:      kennysheep_little_box, first_bread, minmay_misc_feat_nine_boxes,
          uniq_menkaure
Temple:   eino_wide_crystal_templ

Skill      XL: |  1  2  3  4  5  6  7 |
---------------+----------------------+-----
Dodging        | 1 2 3 |  3.4
Shields        | 4 5 |  5.0
Armour         | 4 5 |  5.0
Axes           | 3 4 5 |  5.0
Fighting       | 4 5 |  5.1
Spellcasting   | 1 |  1.9

Action                   |  1- 3 |  4- 6 |  7- 9 || total
-------------------------+-------+-------+-------++-------
Melee: War axe           |    54 |   170 |    33 ||   257
       Headbutt          |     7 |    29 |     9 ||    45
  Use: Scroll            |     2 |     9 |     1 ||    12
       Potion            |     1 |     1 |     3 ||     5
  Eat: Chunk             |       |     7 |     2 ||     9
       Fruit             |       |     2 |       ||     2
Armor: Scale mail        |    31 |    53 |    15 ||    99
Dodge: Dodged            |    18 |    59 |     9 ||    86
Block: Shield            |    40 |   104 |    10 ||   154
